 Dungeon Sprint DCSS version 0.28-a0-239-g68911e0c57 (webtiles) character file.

Game seed: 6883584080829057694

18337 MikeHunt the End of an Era (level 12, -2/103 HPs)
             Began as a Demonspawn Gladiator on Aug 23, 2021.
             Was the Champion of Qazlal.
             Succumbed to a minotaur's poison
             ... in the Dungeon (Sprint VII: "The Pits").
             The game lasted 00:10:58 (2914 turns).

MikeHunt the End of an Era (Demonspawn Gladiator)   Turns: 2914, Time: 00:10:58

Health: -2/103     AC: 18    Str: 20    XL:     12   Next: 26%
Magic:  20/25      EV: 17    Int: 10    God:    Qazlal [******]
Gold:   4          SH:  8    Dex: 20    Spells: 11/11 levels left

rFire   . . .      SeeInvis .   o - +4 war axe
rCold   . . .      Faith    .   (no shield)
rNeg    . . .      Spirit   .   v - +4 scale mail
rPois   .          Reflect  .   (helmet restricted)
rElec   .          Harm     .   (no cloak)
rCorr   .          Rampage  .   (no gloves)
Will    .....      NoTele   +   (no boots)
Stlth   ..........              (no amulet)
HPRegen 0.27/turn               p - +3 ring of strength
MPRegen 0.19/turn               q - +3 ring of dexterity

@: lethally poisoned (-2 -> -37), protected from physical damage, on berserk
cooldown, slowed, repel missiles, very slow
A: horns 2, yellow scales 1
a: Renounce Religion, Upheaval, Elemental Force, Disaster Area


You were in the Dungeon.
You worshipped Qazlal.
Qazlal was exalted by your worship.
You visited 1 branch You collected 4 gold pieces.

Inventory:

Hand Weapons
 a - a +0 war axe
 o - a +4 war axe (weapon)
 u - a +2 war axe of freezing
Missiles
 d - 3 throwing nets (quivered)
 n - a curare-tipped dart
Armour
 b - a +0 leather armour
 c - a +0 helmet
 m - a +3 scale mail
 v - a +4 scale mail (worn)
 E - +0 fire dragon scales
Jewellery
 p - a +3 ring of strength (left hand)
 q - a +3 ring of dexterity (right hand)
 x - a ring of protection from fire
 D - a ring of willpower
Wands
 C - a wand of iceblast (10)
Scrolls
 j - 2 scrolls of blinking
 l - a scroll of summoning
 w - 3 scrolls of identify
 y - a scroll of fear
 A - 4 scrolls of enchant weapon
 B - 4 scrolls of enchant armour
Potions
 e - 5 potions of curing
 f - 11 potions of heal wounds
 g - 3 potions of haste
 h - 4 potions of magic
 i - 2 potions of berserk rage
 k - a potion of invisibility
 r - 2 potions of resistance
 s - 2 potions of might
 t - 2 potions of mutation
 z - a potion of brilliance


   Skills:
 + Level 12.6 Fighting
 - Level 16.0 Axes
 - Level 1.7 Throwing
 + Level 11.5 Armour
 + Level 11.8 Dodging
 + Level 18.8 Invocations


You had 11 spell levels left.
You didn't know any spells.
Your spell library contained the following spells:

 Spells                   Type           Power      Damage    Failure   Level
 Olgreb's Toxic Radiance  Pois           0%         N/A       100%        4
 Ozocubu's Refrigeration  Ice            0%         4d5       100%        7
 Ignition                 Fire           0%         3d3       100%        8


Dungeon Overview and Level Annotations

Branches:
Dungeon (1/1)

Altars:
Ashenzari
Cheibriados
Dithmenos
Elyvilon
Fedhas
Gozag
Hepliaklqana
Kikubaaqudgha
Makhleb
Nemelex Xobeh
Okawaru
Qazlal
Ru
Sif Muna
Trog
Uskayaw
Vehumet
Wu Jian
Xom
Yredelemnul
Zin
The Shining One
Beogh
Jiyva
Lugonu

Annotations:
D Boris


Innate Abilities, Weirdness & Mutations

You have a pair of horns on your head.
You are partially covered in yellow scales. (AC +2)


Message History

You feel disoriented. Boris hits you. Boris barely misses you.
You slash Boris! Your headbutt misses Boris.
Boris is severely damaged.
You feel sick.
You hit Boris. You headbutt Boris, but do no damage.
Boris is severely damaged.
You feel sick.
You hear an angry hiss.
A jackal zombie comes into view.
The minotaur misses you.
Boris points at you and mumbles some strange words.
The bolt of cold hits you!!
Your resistance to physical damage fades away.
You feel protected from cold.
You hear an angry hiss.
You hit Boris.
Boris is severely damaged.
You feel sick.
You slash Boris! You headbutt Boris.
Boris is almost destroyed.
You feel sick.
You hear a hideous shriek!
The minotaur hits you from afar with a +2 scythe of venom!!
* * * LOW HITPOINT WARNING * * *
Your resistance to cold fades away.
You feel protected from physical attacks.
You are more poisoned.
Boris casts a spell at you. The iron shot hits you!!
* * * LOW HITPOINT WARNING * * *
You hit Boris but do no damage.
Boris is almost destroyed.
* * * LOW HITPOINT WARNING * * *
You feel very sick.
You hear a bellow!
You are no longer berserk.
You are exhausted.
You feel yourself slow down.
You die...

## #.# #.# #Z# #u# #H#
#########L###### ######
.......○..○..... ____.#
.......@........ ____.#
#######°'#######
__...###########''##########
####'##................##..#
)))'.##......#..#......##..#
####.##................''..#
......'................''..######
#'#####......#..#......##........
..#.[##................##........


You could see Boris, a minotaur, a brown ugly thing and a jackal zombie.

Vanquished Creatures
  A nagaraja (D)
  A fire dragon (D)
  A hydra (D)
  A death knight (D)
  A death yak (D)
  A spriggan (D)
  2 flayed ghosts (D)
  3 skeletal warriors (D)
  A sea snake (D)
  A bog body (D)
  A lindwurm (D)
  A deep elf zephyrmancer (D)
  A phantasmal warrior (D)
  An orc sorcerer (D)
  2 orange demons (D)
  A cane toad (D)
  A smoke demon (D)
  An efreet (D)
  A rime drake (D)
  A komodo dragon (D)
  2 red devils (D)
  A guardian mummy (D)
  An ice devil (D)
  A hornet (D)
  A jumping spider (D)
  Grinder (D)
  A tyrant leech (D)
  5 blink frogs (D)
  2 redbacks (D)
  An air elemental (D)
  A flying skull (D)
  A water elemental (D)
  A ynoxinul (D)
  A wraith (D)
  A tarantella (D)
  A fire bat (D)
  A fire elemental (D)
  7 vampire mosquitoes (D)
  A basilisk (D)
  2 floating eyes (D)
  A necrophage (D)
  4 wolves (D)
  An ogre (D)
  2 centaurs (D)
  A kobold brigand (D)
  4 scorpions (D)
  2 wights (D)
  A jelly (D)
  A hound (D)
  A crimson imp (D)
  3 orc priests (D)
  Jessica (D)
  A small abomination (D)
  A river rat (D)
  A white imp (D)
  An adder zombie (D)
  A giant cockroach (D)
  3 hobgoblins (D)
  2 ball pythons (D)
  2 ball python skeletons (D)
  A frilled lizard (D)
  2 giant cockroach zombies (D)
  A kobold (D)
  A rat (D)
96 creatures vanquished.

Notes
Turn   | Place    | Note
-------+----------+-------------------------------------------
     0 | D        | MikeHunt the Demonspawn Gladiator began the quest for the
                  | Orb.
     0 | D        | Reached XP level 1. HP: 16/16 MP: 1/1
     8 | D        | Noticed a floating eye
    13 | D        | Killed a floating eye
    14 | D        | Gained mutation: You have a pair of small horns on your
                  | head. [demonic ancestry]
    14 | D        | Reached XP level 2. HP: 22/22 MP: 2/2
    14 | D        | Reached XP level 3. HP: 27/27 MP: 3/3
    14 | D        | Reached XP level 4. HP: 33/33 MP: 4/4
    16 | D        | Found a bloodstained altar of Trog.
    16 | D        | Found a shimmering blue altar of Sif Muna.
    16 | D        | Found a viscous altar of Jiyva.
    16 | D        | Found a hazy altar of Hepliaklqana.
    16 | D        | Found an opulent altar of Gozag.
    17 | D        | Found a basalt altar of Yredelemnul.
    17 | D        | Found a shimmering altar of Xom.
    17 | D        | Found an ornate altar of the Wu Jian Council.
    17 | D        | Found a sacrificial altar of Ru.
    17 | D        | Found a stormy altar of Qazlal.
    17 | D        | Found an iron altar of Okawaru.
    17 | D        | Found a sparkling altar of Nemelex Xobeh.
    17 | D        | Found a burning altar of Makhleb.
    17 | D        | Found a blossoming altar of Fedhas.
    17 | D        | Found a shadowy altar of Dithmenos.
    17 | D        | Found a snail-covered altar of Cheibriados.
    18 | D        | Found a radiant altar of Vehumet.
    18 | D        | Found a corrupted altar of Lugonu.
    19 | D        | Found a hide-covered altar of Uskayaw.
    19 | D        | Found an ancient bone altar of Kikubaaqudgha.
    19 | D        | Found a broken altar of Ashenzari.
    23 | D        | Became a worshipper of Qazlal Stormbringer
    50 | D        | Noticed a scorpion
    55 | D        | Killed a scorpion
    56 | D        | Reached skill level 10 in Axes
    56 | D        | Gained mutation: You have a pair of horns on your head.
                  | [demonic ancestry]
    56 | D        | Reached XP level 5. HP: 38/38 MP: 5/5
   126 | D        | Reached * piety under Qazlal
   142 | D        | Reached ** piety under Qazlal
   146 | D        | Reached skill level 2 in Invocations
   150 | D        | Reached skill level 4 in Invocations
   151 | D        | Reached *** piety under Qazlal
   152 | D        | Reached XP level 6. HP: 28/44 MP: 1/9
   275 | D        | Noticed Jessica
   282 | D        | Reached skill level 6 in Invocations
   291 | D        | Killed Jessica
   292 | D        | Reached skill level 7 in Invocations
   293 | D        | Reached **** piety under Qazlal
   298 | D        | Reached skill level 8 in Invocations
   449 | D        | Reached skill level 9 in Invocations
   449 | D        | Reached XP level 7. HP: 50/50 MP: 13/13
   451 | D        | Noticed a cane toad
   463 | D        | Killed a cane toad
   464 | D        | Reached skill level 11 in Invocations
   674 | D        | Paralysed by a floating eye for 2 turns
   680 | D        | Paralysed by a floating eye for 4 turns
   691 | D        | Paralysed by a floating eye for 3 turns
   695 | D        | Reached ***** piety under Qazlal
   696 | D        | Reached skill level 12 in Invocations
   696 | D        | Reached XP level 8. HP: 33/56 MP: 15/17
   935 | D        | Noticed an ice devil
   935 | D        | Noticed an air elemental
   940 | D        | Killed an air elemental
   941 | D        | Reached skill level 1 in Armour
   941 | D        | Killed an ice devil
  1086 | D        | Noticed Grinder
  1087 | D        | Noticed a tyrant leech
  1093 | D        | Killed Grinder
  1094 | D        | Reached skill level 13 in Invocations
  1099 | D        | Reached skill level 5 in Fighting
  1099 | D        | Reached skill level 5 in Dodging
  1099 | D        | Reached XP level 9. HP: 57/68 MP: 13/19
  1110 | D        | Killed a tyrant leech
  1333 | D        | Noticed a jumping spider
  1340 | D        | Reached skill level 5 in Armour
  1340 | D        | Reached skill level 14 in Invocations
  1345 | D        | Killed a jumping spider
  1345 | D        | Reached ****** piety under Qazlal
  1347 | D        | Gained mutation: You are partially covered in yellow
                  | scales. (AC +2) [demonic ancestry]
  1347 | D        | Reached XP level 10. HP: 40/79 MP: 0/20
  1495 | D        | Reached skill level 15 in Invocations
  1697 | D        | Noticed a flayed ghost
  1697 | D        | Noticed an orange demon
  1698 | D        | Noticed a sea snake
  1700 | D        | Killed an orange demon
  1700 | D        | Killed a flayed ghost
  1700 | D        | Noticed a death yak
  1701 | D        | Reached skill level 15 in Axes
  1701 | D        | Noticed a bog body
  1708 | D        | Killed a sea snake
  1712 | D        | Killed a death yak
  1713 | D        | Reached skill level 16 in Invocations
  1714 | D        | Noticed a deep elf zephyrmancer
  1716 | D        | Killed a bog body
  1717 | D        | Reached XP level 11. HP: 50/89 MP: 3/23
  1719 | D        | Killed a deep elf zephyrmancer
  1883 | D        | Noticed an orc sorcerer
  1890 | D        | Killed an orc sorcerer
  1891 | D        | Reached skill level 10 in Fighting
  1922 | D        | Noticed a phantasmal warrior
  1933 | D        | Killed a phantasmal warrior
  2273 | D        | Noticed a four-headed hydra
  2274 | D        | Noticed a flayed ghost
  2277 | D        | Killed a flayed ghost
  2277 | D        | Killed a four-headed hydra
  2278 | D        | Reached skill level 17 in Invocations
  2288 | D        | Noticed a lindwurm
  2292 | D        | Noticed a nagaraja
  2294 | D        | Killed a lindwurm
  2295 | D        | Reached skill level 10 in Dodging
  2297 | D        | Killed a nagaraja
  2298 | D        | Reached skill level 10 in Armour
  2340 | D        | Noticed a fire dragon
  2362 | D        | Killed a fire dragon
  2625 | D        | Noticed a death knight
  2628 | D        | Noticed a skeletal warrior
  2629 | D        | Noticed a skeletal warrior
  2629 | D        | Noticed a skeletal warrior
  2636 | D        | Killed a skeletal warrior
  2636 | D        | Killed a skeletal warrior
  2636 | D        | Killed a death knight
  2637 | D        | Reached skill level 18 in Invocations
  2637 | D        | Reached XP level 12. HP: 65/102 MP: 15/25
  2893 | D        | Noticed Boris
  2899 | D        | Noticed a minotaur
  2913 | D        | HP: 6/154 [poisoned by a minotaur]
  2914 | D        | Succumbed to a minotaur's poison

Illustrated notes

Levels and vault maps discovered:
D:        pitsprint [storerooms_1, entrance_room_1, metal_vault_3, armoury_1,
          mini_pit_1, grid_room_1, main_hall_1, silver_pit, the_coven_1,
          the_vestibule_1, steel_vault_2, golden_pit, hallway_of_sentries,
          crystal_vault_2, iron_vault_4, final_vault]

Skill      XL: |  1  2  3  4  5  6  7  8  9 10 11 |
---------------+----------------------------------+-----
Axes           | 8 10 11 12 13 14 15 16 | 16.0
Invocations    | 4 9 12 13 14 16 18 | 18.8
Armour         | 4 6 8 11 | 11.5
Dodging        | 5 7 9 11 | 11.8
Fighting       | 5 7 9 12 | 12.6
Throwing       | |  1.7

Action                   |  1- 3 |  4- 6 |  7- 9 | 10-12 || total
-------------------------+-------+-------+-------+-------++-------
Melee: War axe           |     3 |    43 |    47 |    94 ||   187
       Headbutt          |       |     7 |     9 |    28 ||    44
Invok: Upheaval          |       |     3 |    10 |    21 ||    34
  Use: Potion            |       |     1 |     4 |     4 ||     9
 Stab: Invisible         |       |       |       |     1 ||     1
Armor: Leather armour    |       |     3 |       |       ||     3
       Scale mail        |       |     9 |    14 |    26 ||    49
Dodge: Dodged            |       |    22 |    24 |    47 ||    93
       Repelled          |       |       |       |     1 ||     1
Block: Other             |       |     7 |     7 |    30 ||    44

Table legend: (Time is in decaauts)
 A = Elapsed time spent in this place.
 B = Non-inter-level travel time spent in this place.
 C = Inter-level travel time spent in this place.
 D = Time resting spent in this place.
 E = Time spent auto-exploring this place.
 F = Levels seen in this place.
 G = Mean time per level.
                   A        B        C        D        E       F      G
               +--------+--------+--------+--------+--------+-----+--------+
         Total |   2895 |   2860 |     35 |   1807 |      0 |   1 | 2895.0 |
       Dungeon |   2895 |   2860 |     35 |   1807 |      0 |   1 | 2895.0 |
               +--------+--------+--------+--------+--------+-----+--------+

Top non-repeatable levels by time:
       D: 2895 daAuts
